 Dungeon Crawl Stone Soup version 0.31-a0-233-g139696dc86 (webtiles) character file.

Game seed: 4286037016589161362

60 Tocho the Chopper (level 4, -2/41 (45) HPs)
             Began as an Ogre Reaver on July 9, 2023.
             Slain by an orc
             ... wielding a +0 trident
              (8 damage)
             ... on level 3 of the Dungeon.
             The game lasted 00:03:47 (2114 turns).

Tocho the Chopper (Ogre Reaver)                     Turns: 2114, Time: 00:03:50

HP:   -2/41 (45)    AC:  3    Str: 18    XL:     4   Next: 4%
MP:   7/7           EV:  9    Int: 14    God:
Gold: 63            SH:  0    Dex:  7    Spells: 5/8 levels left

rFire   . . .        a - +0 hand axe
rCold   . . .        (no shield)
rNeg    . . .        b - +0 robe
rPois   .            (helmet restricted)
rElec   .            (no cloak)
rCorr   .            (gloves unavailable)
SInv    .            (boots unavailable)
Will    +....        (no amulet)
Stlth   +            (no ring)
HPRegen 0.26/turn    (no ring)
MPRegen 0.10/turn

%: no passive effects
@: enlightened, flying, drained
A: large, unfitting armour, tough skin 1
a: no special abilities


You were on level 3 of the Dungeon.
You visited 1 branch of the dungeon, and saw 3 of its levels.

You collected 97 gold pieces.
You spent 34 gold pieces at shops.

Inventory:

Hand Weapons
 a - a +0 hand axe (weapon)
Missiles
 l - 3 large rocks
Armour
 b - a +0 robe (worn)
Scrolls
 d - a scroll of summoning {unknown}
 g - a scroll of noise
 h - a scroll of amnesia
 i - 2 scrolls of silence {unknown}
 j - a scroll of vulnerability {unknown}
 k - a scroll of enchant weapon {unknown}
Potions
 e - 2 potions of enlightenment
 f - a potion of brilliance {unknown}
 m - a potion of haste {unknown}


   Skills:
 + Level 3.2 Fighting
 + Level 3.8 Axes
 + Level 2.2 Dodging
 + Level 2.6 Spellcasting
 + Level 3.0 Conjurations


You had 5 spell levels left.
You knew the following spells:

 Your Spells              Type           Power      Damage    Failure   Level
a - Kiss of Death         Conj/Necr      24%        2d7       12%         1
b - Momentum Strike       Conj/Tloc      12%        3d8       19%         2

Your spell library contained the following spells:

 Spells                   Type           Power      Damage    Failure   Level
 Cigotuvi's Dreadful Rot  Necr/Pois/Air  2%         N/A       34%         2
 Hailstorm                Conj/Ice       6%         3d4       34%         3
 Frozen Ramparts          Ice            2%         1d1       56%         3
 Ignite Poison            Fire/Tmut/Pois 1%         N/A       56%         3
 Vhi's Electric Charge    Tloc/Air       2%         N/A       56%         3
 Ice Form                 Ice/Tmut       1%         N/A       92%         4
 Summon Ice Beast         Ice/Summ       1%         N/A       92%         4
 Fireball                 Conj/Fire      3%         3d4       97%         5
 Freezing Cloud           Conj/Ice/Air   2%         6-21      99%         5
 Plasma Beam              Fire/Air       0%         2x1d10    100%        6


Dungeon Overview and Level Annotations

Branches:
Dungeon (3/15)

Altars:

Shops:
D:1 *


Innate Abilities, Weirdness & Mutations

You are too large for most types of armour.
You have tough skin. (AC +1)


Message History

The giant cockroach bites you.
An orc wizard comes into view. It is wielding a +0 dagger.
You hit the giant cockroach.
The giant cockroach is severely wounded.
The orc hits you from afar with a +0 trident.
The giant cockroach bites you but does no damage.
The orc barely misses you.
You hit the giant cockroach.
You kill the giant cockroach!
The orc barely misses you.
You completely miss the orc. The orc hits you with a +0 mace.
The orc barely misses you.
You hit the orc.
The orc is heavily wounded.
The orc hits you with a +0 mace.
The orc hits you from afar with a +0 trident!
* * * LOW HITPOINT WARNING * * *
You feel much better.
The orc hits you from afar with a +0 trident.
You miss the orc wizard.
The orc hits you from afar with a +0 trident.
You hit the orc wizard but do no damage.
The orc wizard hits you but does no damage.
The orc barely misses you.
You slash the orc wizard!
The orc wizard is heavily wounded.
The orc wizard hits you with a +0 dagger.
The orc barely misses you.
You hit the orc wizard.
The orc wizard is heavily wounded.
The orc wizard gestures at you while chanting.
You resist with almost no effort. The orc closely misses you.
You hit the orc wizard.
The orc wizard is almost dead.
The orc wizard casts a spell at you. The puff of flame misses you.
The orc hits you from afar with a +0 trident!
* * * LOW HITPOINT WARNING * * *
The orc hits you from afar with a +0 trident!
You die...

###################
#........##........
#..................
#..................
#..................
###....#..........
#.'....#..#'##+#'#
#@#....#....##.#.#
#o#....##.#.##....
....o.ooo.......#.####.#
oo.....o#.......#......#
........##......#.......
.........#......#.......
.........####+###.......
......... .........
.......... .........


You could see an orc wizard and 4 orcs.

Vanquished Creatures
  3 worms (D:2)
  A dart slug (D:2)
  An orc (D:3)
  5 endoplasms
  A giant cockroach (D:3)
  4 hobgoblins (D:1)
  2 kobolds
  A quokka (D:1)
  5 ball pythons
  5 bats (D:1)
  10 frilled lizards
  6 goblins (D:2)
  2 rats
46 creatures vanquished.

Notes
Turn   | Place    | Note
-------+----------+-------------------------------------------
     0 | D:1      | Tocho the Ogre Reaver began the quest for the Orb.
     0 | D:1      | Reached XP level 1. HP: 22/22 MP: 3/3
    66 | D:1      | Got the Grimoire of Gaseous Anthracomancy
   219 | D:1      | Reached XP level 2. HP: 29/29 MP: 5/5
   311 | D:1      | Found Vounyg's Assorted Antiques.
   316 | D:1      | Bought a fuming puce potion for 16 gold pieces
   824 | D:1      | Bought a scroll labelled DAHUOF OMOZ for 18 gold pieces
   914 | D:2      | Reached XP level 3. HP: 34/36 MP: 6/6
  2027 | D:2      | Learned a level 2 spell: Momentum Strike
  2104 | D:3      | Reached XP level 4. HP: 24/41 MP: 7/7
  2114 | D:3      | Slain by an orc

Illustrated notes

Levels and vault maps discovered:
D:1:      psy_arrival_wood_between_worlds, layout_loops_ring, serial_shops,
          nicolae_shop_rolling_square, minmay_misc_feat_alley
D:2:      layout_basic, minmay_lizard_pond
D:3:      layout_basic, mainiacjoe_overflow_chevrons, uniq_sigmund

Skill      XL: |  1  2  3 |
---------------+----------+-----
Dodging        | 2 |  2.2
Conjurations   | 3 |  3.0
Fighting       | 3 |  3.2
Axes           | |  3.8
Spellcasting   | |  2.6

Action                     |  1- 3 |  4- 6 || total
---------------------------+-------+-------++-------
  Melee: Hand axe          |   167 |    10 ||   177
         Punch             |     1 |       ||     1
   Cast: Kiss of Death     |     1 |       ||     1
    Use: Potion            |     2 |     1 ||     3
         Scroll            |     2 |       ||     2
   Stab: Sleeping          |     1 |       ||     1
 Armour: Robe              |    54 |     2 ||    56
  Dodge: Dodged            |    86 |     8 ||    94

Table legend: (Time is in decaauts)
 A = Elapsed time spent in this place.
 B = Non-inter-level travel time spent in this place.
 C = Inter-level travel time spent in this place.
 D = Time resting spent in this place.
 E = Time spent auto-exploring this place.
 F = Levels seen in this place.
 G = Mean time per level.
                   A        B        C        D        E       F      G
               +--------+--------+--------+--------+--------+-----+--------+
         Total |   2136 |   2000 |    136 |      0 |   1661 |   3 |  712.0 |
       Dungeon |   2136 |   2000 |    136 |      0 |   1661 |   3 |  712.0 |
               +--------+--------+--------+--------+--------+-----+--------+

Top non-repeatable levels by time:
     D:2: 1170 daAuts
     D:1: 878 daAuts
     D:3: 87 daAuts
